Workbook

Sheet MEDIÇÃO 9
A1: PREFEITURA MUNICIPAL DE SÃO ROQUE DO CANAÃ Estado do Espírito Santo SECRETARIA MUNICIPAL DE OBRAS E SERVIÇOS URBANOS – SETOR DE ENGENHARIA
A2: BOLETIM DE | E2: =J8 -> MEDIÇÃO 09 | L2: 45539
A4: OBRA: Construção de uma barragem de concreto com contrafortes e a limpeza e escavação de seu reservatório, na localidade de São Dalmácio, Município de São Roque do Canaã | D4: CONTRATO Nº: | F4: 106/2022 | I4: Assinatura: 22/11/2022 | L4: INÍCIO: | N4: 44930
L5: TÉRMINO: | N5: 45657
A6: LOCAL: COMUNIDADE DE SÃO DALMÁCIO | D6: PERÍODO: | G6: 45505 | I6: a | J6: 45535 | L6: PRAZO: | N6: 240 DIAS + 284 DIAS (PARALIS.) + 205 DIAS
A7: EMPRESA: EDURBAN EDIFICAÇÕES E URBANISMO LTDA | G7: =J8 -> MEDIÇÃO 09 | J7: =M110 -> 758372.71 | L7: % MÊS: | M7: =I110 -> 0.11167444 | N7: % ACUM: | O7: =I111 -> 0.5282096
A8: ITEM | B8: ESPECIFICAÇÃO | C8: UNID. | D8: QUANT. | E8: UNIT + BDI | F8: UNITÁRIO REAJUSTADO | G8: ACUMULADO ANTERIOR | J8: MEDIÇÃO 09 | M8: TOTAL MEDIDO
G9: QUANT. | H9: TOTAL | I9: % | J9: QUANT. | K9: TOTAL | L9: % | M9: QUANT. | N9: TOTAL | O9: %
A10: 1 | B10: SERVIÇOS PRELIMINARES
A11: 1.1 | B11: MOBILIZAÇÃO/DESMOBILIZAÇÃO
A12: 1.1.1 | B12: Mobilização de Equipamentos | C12: Vb | D12: 1 | E12: 39300.82 | F12: 39300.82 | G12: 1 | H12: =G12*F12 -> 39300.82 | I12: =G12/D12 -> 1 | K12: =TRUNC((J12*F12),2) -> 0 | L12: =J12/D12 -> 0 | M12: =G12+J12 -> 1 | N12: =H12+K12 -> 39300.82 | O12: =I12+L12 -> 1
A13: 1.1.2 | B13: Desmobilização de Equipamentos | C13: Vb | D13: 1 | E13: 39300.82 | F13: 39300.82 | G13: 0 | H13: =G13*F13 -> 0 | I13: =G13/D13 -> 0 | K13: =TRUNC((J13*F13),2) -> 0 | L13: =J13/D13 -> 0 | M13: =G13+J13 -> 0 | N13: =H13+K13 -> 0 | O13: =I13+L13 -> 0
A14: 1.2 | B14: INSTALAÇÃO DE CANTEIRO DE OBRAS
A15: 1.2.1 | B15: Aluguel mensal container para escritório, dim. 6.00x2.40m, c/ banheiro (vaso+lavat+chuveiro e básc), incl. porta, 2 janelas, abert p/ ar cond., 2 pt iluminação, 2 tom. elét. e 1 tom.telef. Isolam.térmico(teto e paredes), piso em comp. Naval, cert. NR18, incl. laudo descontaminação. (Administração e Engenharia) | C15: mês | D15: 16 | E15: 1022.97 | F15: 1022.97 | G15: 16 | H15: =G15*F15 -> 16367.52 | I15: =G15/D15 -> 1 | K15: =TRUNC((J15*F15),2) -> 0 | L15: =J15/D15 -> 0 | M15: =G15+J15 -> 16 | N15: =H15+K15 -> 16367.52 | O15: =I15+L15 -> 1
A16: 1.2.2 | B16: Aluguel mensal container para escritório, sem banheiro, dim. 6.00x2.40m, incl. porta, 2 janelas, abert p/ ar cond., 2 pt iluminação, 2 tomadas elét. e 1 tomada telef. Isolamento térmico (teto e paredes), piso em comp. Naval, cert. NR18, incl. laudo descontaminação. (Sala técnica, segurança do trabalho) | C16: mês | D16: 16 | E16: 934.19 | F16: 934.19 | G16: 16 | H16: =G16*F16 -> 14947.04 | I16: =G16/D16 -> 1 | K16: =TRUNC((J16*F16),2) -> 0 | L16: =J16/D16 -> 0 | M16: =G16+J16 -> 16 | N16: =H16+K16 -> 14947.04 | O16: =I16+L16 -> 1
A17: 1.2.3 | B17: Aluguel mensal container para almoxarifado, incl. porta, 2 janelas, 1 pt iluminação, Isolamento térmico (teto), piso em comp. Naval pintado, cert. NR18, incl. laudo descontaminação. | C17: mês | D17: 8 | E17: 687.32 | F17: 687.32 | G17: 8 | H17: =G17*F17 -> 5498.56 | I17: =G17/D17 -> 1 | K17: =TRUNC((J17*F17),2) -> 0 | L17: =J17/D17 -> 0 | M17: =G17+J17 -> 8 | N17: =H17+K17 -> 5498.56 | O17: =I17+L17 -> 1
A18: 1.2.4 | B18: Refeitório c/ paredes chapa de comp. 12mm e pont. 8x8cm, piso ciment. e cob. Telhas fibroc. 6mm, incl. ponto de luz e cx. de insp. (1,21m²/func/turno) - (Cozinha/Refeitório) | C18: M2 | D18: 42.35 | E18: 512.98 | F18: 512.98 | G18: 42.35 | H18: =G18*F18 -> 21724.703 | I18: =G18/D18 -> 1 | K18: =TRUNC((J18*F18),2) -> 0 | L18: =J18/D18 -> 0 | M18: =G18+J18 -> 42.35 | N18: =H18+K18 -> 21724.703 | O18: =I18+L18 -> 1
A19: 1.2.5 | B19: Unidade de sanitário e vestiário p/ até 20 func. área de 18.15m2, paredes de chapa compens. 12mm e pontalete 8x8cm, piso cimentado, cobert. telha fibroc. 6mm, incl. instalação de luz e cx. de inspeção, conf. projeto (1 utilização) | C19: und | D19: 2 | E19: 17091.27 | F19: 17091.27 | G19: 2 | H19: =G19*F19 -> 34182.54 | I19: =G19/D19 -> 1 | K19: =TRUNC((J19*F19),2) -> 0 | L19: =J19/D19 -> 0 | M19: =G19+J19 -> 2 | N19: =H19+K19 -> 34182.54 | O19: =I19+L19 -> 1
A20: 1.2.7 | B20: Reservatório de poliestileno de 1000 L, incl. suporte em madeira de 7x12cm, elevado de 4m | C20: UD | D20: 3 | E20: 1242.39 | F20: 1242.39 | G20: 3 | H20: =G20*F20 -> 3727.17 | I20: =G20/D20 -> 1 | K20: =TRUNC((J20*F20),2) -> 0 | L20: =J20/D20 -> 0 | M20: =G20+J20 -> 3 | N20: =H20+K20 -> 3727.17 | O20: =I20+L20 -> 1
A21: 1.2.8 | B21: Rede de água c/ padrão de entrada d'água diâm. 3/4" conf. CESAN, incl. tubos e conexões p/ aliment., distrib., extravas. e limp., cons. o padrão a 25m | C21: m | D21: 50 | E21: 54.93 | F21: 54.93 | G21: 50 | H21: =G21*F21 -> 2746.5 | I21: =G21/D21 -> 1 | K21: =TRUNC((J21*F21),2) -> 0 | L21: =J21/D21 -> 0 | M21: =G21+J21 -> 50 | N21: =H21+K21 -> 2746.5 | O21: =I21+L21 -> 1
A22: 1.2.9 | B22: Placa de obra nas dimensões de 2,0 x 4,0 m, padrão IOPES-ES | C22: M2 | D22: 8 | E22: 372.15 | F22: 372.15 | G22: 8 | H22: =G22*F22 -> 2977.2 | I22: =G22/D22 -> 1 | K22: =TRUNC((J22*F22),2) -> 0 | L22: =J22/D22 -> 0 | M22: =G22+J22 -> 8 | N22: =H22+K22 -> 2977.2 | O22: =I22+L22 -> 1
A23: 1.2.10 | B23: Rede de esgoto, contendo fossa e filtro, incl. tubos e conexões de ligação entre caixas, considerando distância de 25m.. | C23: m | D23: 20 | E23: 441.42 | F23: 441.42 | G23: 20 | H23: =G23*F23 -> 8828.4 | I23: =G23/D23 -> 1 | K23: =TRUNC((J23*F23),2) -> 0 | L23: =J23/D23 -> 0 | M23: =G23+J23 -> 20 | N23: =H23+K23 -> 8828.4 | O23: =I23+L23 -> 1
A24: 1.2.11 | B24: Rede de luz, incl. padrão entr. energia trifás. cabo ligação até barracões, quadro distrib., disj. E chave de força, cons. 20m entre padrão entr.e QDG - Instalações Elétricas do canteiro total. | C24: m | D24: 50 | E24: 793.13 | F24: 793.13 | G24: 50 | H24: =G24*F24 -> 39656.5 | I24: =G24/D24 -> 1 | K24: =TRUNC((J24*F24),2) -> 0 | L24: =J24/D24 -> 0 | M24: =G24+J24 -> 50 | N24: =H24+K24 -> 39656.5 | O24: =I24+L24 -> 1
A25: 1.2.12 | B25: Cerca de arame farpado 4 fios com mourões a cada 2,0 m, esticadores de madeira, a cada 20,0 m, inclusive transporte de mourão e arame farpado) | C25: m | D25: 400 | E25: 22.73 | F25: 22.73 | G25: 400 | H25: =G25*F25 -> 9092 | I25: =G25/D25 -> 1 | K25: =TRUNC((J25*F25),2) -> 0 | L25: =J25/D25 -> 0 | M25: =G25+J25 -> 400 | N25: =H25+K25 -> 9092 | O25: =I25+L25 -> 1
A26: 1.3 | B26: DEMOLIZAÇÃO DO CANTEIRO DE OBRAS
A27: 1.3.1 | B27: Demolição de edificações | C27: M2 | D27: 78.65 | E27: 56.35 | F27: 59.05 | G27: 0 | H27: =G27*F27 -> 0 | I27: =G27/D27 -> 0 | J27: 78.65 | K27: =TRUNC((J27*F27),2) -> 4644.28 | L27: =J27/D27 -> 1 | M27: =G27+J27 -> 78.65 | N27: =H27+K27 -> 4644.28 | O27: =I27+L27 -> 1
A28: 1.3.2 | B28: Demolição de cerca de madeira com 4 fios | C28: M | D28: 400 | E28: 3.29 | F28: 3.8 | G28: 400 | H28: =G28*F28 -> 1520 | I28: =G28/D28 -> 1 | K28: =TRUNC((J28*F28),2) -> 0 | L28: =J28/D28 -> 0 | M28: =G28+J28 -> 400 | N28: =H28+K28 -> 1520 | O28: =I28+L28 -> 1
A29: 2 | B29: SUPRESSÃO VEGETAL
A30: 2.1 | B30: LIMPEZA DA ÁREA DO BARRAMENTO
A31: 2.1.1 | B31: Limpeza, desmatamento e destocamento de árvores com diâmetro até 15 cm, com trator de esteira | C31: M2 | D31: 5456 | E31: 0.6 | F31: 0.7 | G31: 5456 | H31: =G31*F31 -> 3819.2 | I31: =G31/D31 -> 1 | K31: =TRUNC((J31*F31),2) -> 0 | L31: =J31/D31 -> 0 | M31: =G31+J31 -> 5456 | N31: =H31+K31 -> 3819.2 | O31: =I31+L31 -> 1
A32: 2.2 | B32: ESCAVAÇÃO DA ÁREA INUNDAÇÃO
A33: 2.2.1 | B33: Limpeza, desmatamento e destocamento de árvores com diâmetro até 15 cm, com trator de esteira | C33: M2 | D33: 100405 | E33: 0.6 | F33: 0.7 | G33: 94848.606 | H33: =G33*F33 -> 66394.024 | I33: =G33/D33 -> 0.94466019 | J33: 4769.67 | K33: =TRUNC((J33*F33),2) -> 3338.76 | L33: =J33/D33 -> 0.047504308 | M33: =G33+J33 -> 99618.276 | N33: =H33+K33 -> 69732.784 | O33: =I33+L33 -> 0.9921645 | R33: =P33/F33 -> 0
A34: 2.2.2 | B34: Escavação e carga de material de 1ª categoria com escavadeira | C34: M3 | D34: 299393.55 | E34: 3.4 | F34: 3.99 | G34: 198820.73 | H34: =G34*F34 -> 793294.73 | I34: =G34/D34 -> 0.66407822 | J34: 40489.92 | K34: =TRUNC((J34*F34),2) -> 161554.78 | L34: =J34/D34 -> 0.13523979 | M34: =G34+J34 -> 239310.65 | N34: =H34+K34 -> 954849.51 | O34: =I34+L34 -> 0.799318
A35: 2.2.3 | B35: LOCAL COM DMT ATÉ 3,0 KM (Caminhão basculante) - 1,147XP+1,268XR+2,013 Sendo XP = 0,0 e XR = 2 (Centro bacia inundação > Bota-Fora) - Transporte de argila com peso específico de 1,4 t/m3 | C35: T | D35: 419150.97 | E35: 4.45 | F35: 5.22 | G35: 278349.03 | H35: =G35*F35 -> 1452982 | I35: =G35/D35 -> 0.66407823 | J35: 56685.88 | K35: =TRUNC((J35*F35),2) -> 295900.29 | L35: =J35/D35 -> 0.13523977 | M35: =G35+J35 -> 335034.91 | N35: =H35+K35 -> 1748882.2 | O35: =I35+L35 -> 0.79931799 | R35: =P35/F35 -> 0
A36: 3 | B36: ENSECADEIRA
A37: 3.1 | B37: ENSECADEIRA 1ª ETAPA
A38: 3.1.1 | B38: Escavação e carga de material de 1ª categoria com escavadeira - CANAL DE DESVIO | C38: M3 | D38: 1710 | E38: 4.03 | F38: 4.72 | G38: 1710 | H38: =G38*F38 -> 8071.2 | I38: =G38/D38 -> 1 | K38: =TRUNC((J38*F38),2) -> 0 | L38: =J38/D38 -> 0 | M38: =G38+J38 -> 1710 | N38: =H38+K38 -> 8071.2 | O38: =I38+L38 -> 1
A39: 3.1.2 | B39: LOCAL COM DMT ATÉ 3,0 KM (Caminhão basculante) - 1,147XP+1,268XR+2,013 Sendo XP = 0,0 e XR = 2 (Canal de Desvio > Bota-Fora) - Transporte de argila com peso específico de 1,4 t/m3 | C39: T | D39: 2394 | E39: 5.91 | F39: 6.93 | G39: 2394 | H39: =G39*F39 -> 16590.42 | I39: =G39/D39 -> 1 | K39: =TRUNC((J39*F39),2) -> 0 | L39: =J39/D39 -> 0 | M39: =G39+J39 -> 2394 | N39: =H39+K39 -> 16590.42 | O39: =I39+L39 -> 1
A40: 3.1.3 | B40: Espalhamento / regularização / compactação de material em bota-fora (Empolamento do material [item 3.1.1] = 40%) | C40: M3 | D40: 2394 | E40: 3.17 | F40: 3.72 | G40: 2394 | H40: =G40*F40 -> 8905.68 | I40: =G40/D40 -> 1 | K40: =TRUNC((J40*F40),2) -> 0 | L40: =J40/D40 -> 0 | M40: =G40+J40 -> 2394 | N40: =H40+K40 -> 8905.68 | O40: =I40+L40 -> 1
A41: 3.1.4 | B41: Demolição mecânica de concreto - Barragem existente | C41: M3 | D41: 80.61 | E41: 208.25 | F41: 228.44424 | G41: 0 | H41: =G41*F41 -> 0 | I41: =G41/D41 -> 0 | J41: 30 | K41: =TRUNC((J41*F41),2) -> 6853.32 | L41: =J41/D41 -> 0.37216226 | M41: =G41+J41 -> 30 | N41: =H41+K41 -> 6853.32 | O41: =I41+L41 -> 0.37216226
A42: 3.1.5 | B42: Carga de material de 3ª categoria | C42: M3 | D42: 120.91 | E42: 7.47 | F42: 8.7700769 | G42: 0 | H42: =G42*F42 -> 0 | I42: =G42/D42 -> 0 | J42: 45 | K42: =TRUNC((J42*F42),2) -> 394.65 | L42: =J42/D42 -> 0.37217765 | M42: =G42+J42 -> 45 | N42: =H42+K42 -> 394.65 | O42: =I42+L42 -> 0.37217765
A43: 3.1.6 | B43: LOCAL COM DMT ATÉ 3,0 KM (Caminhão basculante) - 1,147XP+1,268XR+2,013 Sendo XP = 0,0 e XR = 1 (Barragem existente > Bota-Fora) - Transporte de concreto com peso específico de 1,6 t/m3 | C43: T | D43: 128.97 | E43: 5.91 | F43: 6.9301388 | G43: 0 | H43: =G43*F43 -> 0 | I43: =G43/D43 -> 0 | J43: 48 | K43: =TRUNC((J43*F43),2) -> 332.64 | L43: =J43/D43 -> 0.37217958 | M43: =G43+J43 -> 48 | N43: =H43+K43 -> 332.64 | O43: =I43+L43 -> 0.37217958
A44: 3.1.7 | B44: Espalhamento / regularização / compactação de material em bota-fora (Empolamento do material [item 3.1.4] = 50%) | C44: M3 | D44: 120.91 | E44: 3.17 | F44: 3.7200397 | G44: 0 | H44: =G44*F44 -> 0 | I44: =G44/D44 -> 0 | J44: 45 | K44: =TRUNC((J44*F44),2) -> 167.4 | L44: =J44/D44 -> 0.37217765 | M44: =G44+J44 -> 45 | N44: =H44+K44 -> 167.4 | O44: =I44+L44 -> 0.37217765
A45: 3.2 | B45: ENSECADEIRA 2ª ETAPA
A46: 3.1.1 | B46: Escavação e carga de material de 1ª categoria com escavadeira - CANAL DE DESVIO + ENSECADEIRA | C46: M3 | D46: 3750 | E46: 4.03 | F46: 4.72 | G46: 0 | H46: =G46*F46 -> 0 | I46: =G46/D46 -> 0 | K46: =TRUNC((J46*F46),2) -> 0 | L46: =J46/D46 -> 0 | M46: =G46+J46 -> 0 | N46: =H46+K46 -> 0 | O46: =I46+L46 -> 0
A47: 3.2.2 | B47: LOCAL COM DMT ATÉ 3,0 KM (Caminhão basculante) - 1,147XP+1,268XR+2,013 Sendo XP = 0,0 e XR = 0,5 (Área de inundação > Canal de desvio/Ensecadeira) - Transporte de argila com peso específico de 1,4 t/m3 | C47: T | D47: 5250 | E47: 3.44 | F47: 4.03 | G47: 0 | H47: =G47*F47 -> 0 | I47: =G47/D47 -> 0 | K47: =TRUNC((J47*F47),2) -> 0 | L47: =J47/D47 -> 0 | M47: =G47+J47 -> 0 | N47: =H47+K47 -> 0 | O47: =I47+L47 -> 0
A48: 3.2.4 | B48: Compactação de aterros 100% PN - CANAL DE DESVIO + ENSECADEIRA | C48: M3 | D48: 3750 | E48: 7.69 | F48: 9.03 | G48: 0 | H48: =G48*F48 -> 0 | I48: =G48/D48 -> 0 | K48: =TRUNC((J48*F48),2) -> 0 | L48: =J48/D48 -> 0 | M48: =G48+J48 -> 0 | N48: =H48+K48 -> 0 | O48: =I48+L48 -> 0
A49: 4 | B49: MACIÇO DE CONCRETO
A50: 4.1 | B50: FUNDAÇÃO DA BARRAGEM
A51: 4.1.1 | B51: Escavação e carga de material de 1ª categoria com escavadeira - Fundação da barragem | C51: M3 | D51: 452.28 | E51: 4.03 | F51: 4.7199744 | G51: 0 | H51: =G51*F51 -> 0 | I51: =G51/D51 -> 0 | J51: 120 | K51: =TRUNC((J51*F51),3) -> 566.396 | L51: =J51/D51 -> 0.26532237 | M51: =G51+J51 -> 120 | N51: =H51+K51 -> 566.396 | O51: =I51+L51 -> 0.26532237
A52: 4.1.2 | B52: LOCAL COM DMT ATÉ 3,0 KM (Caminhão basculante) - 1,147XP+1,268XR+2,013 Sendo XP = 0,0 e XR = 2 (Fundação da Barragem > Bota-Fora) - Transporte de argila com peso específico de 1,4 t/m3 | C52: T | D52: 633.19 | E52: 5.91 | F52: 6.9299736 | G52: 0 | H52: =G52*F52 -> 0 | I52: =G52/D52 -> 0 | J52: 168 | K52: =TRUNC((J52*F52),2) -> 1164.23 | L52: =J52/D52 -> 0.2653232 | M52: =G52+J52 -> 168 | N52: =H52+K52 -> 1164.23 | O52: =I52+L52 -> 0.2653232
A53: 4.1.3 | B53: Espalhamento / regularização / compactação de material em bota-fora (Empolamento do material [item 4.1.1] = 40%) | C53: M3 | D53: 633.19 | E53: 3.17 | F53: 3.7199893 | G53: 0 | H53: =G53*F53 -> 0 | I53: =G53/D53 -> 0 | J53: 168 | K53: =TRUNC((J53*F53),2) -> 624.95 | L53: =J53/D53 -> 0.2653232 | M53: =G53+J53 -> 168 | N53: =H53+K53 -> 624.95 | O53: =I53+L53 -> 0.2653232
A54: 4.1.4 | B54: Escavação e carga de material de 3ª categoria (fogo controlado) | C54: M3 | D54: 305.4 | E54: 111.62 | F54: 131.03998 | G54: 0 | H54: =G54*F54 -> 0 | I54: =G54/D54 -> 0 | K54: =TRUNC((J54*F54),2) -> 0 | L54: =J54/D54 -> 0 | M54: =G54+J54 -> 0 | N54: =H54+K54 -> 0 | O54: =I54+L54 -> 0
A55: 4.1.5 | B55: LOCAL COM DMT ATÉ 3,0 KM (Caminhão basculante) - 1,147XP+1,268XR+2,013, Sendo XP = 0,0 e XR = 2 (Rocha > Bota-fora) - Transporte de argila o com peso específico de 1,6t/m3 | C55: T | D55: 488.64 | E55: 5.91 | F55: 6.9299894 | G55: 0 | H55: =G55*F55 -> 0 | I55: =G55/D55 -> 0 | K55: =TRUNC((J55*F55),3) -> 0 | L55: =J55/D55 -> 0 | M55: =G55+J55 -> 0 | N55: =H55+K55 -> 0 | O55: =I55+L55 -> 0
A56: 4.1.6 | B56: Espalhamento / regularização / compactação de material em bota-fora (Empolamento do material [item 4.1.2 e 4.1.6] = 50%) | C56: M3 | D56: 458.1 | E56: 3.17 | F56: 3.72 | G56: 0 | H56: =G56*F56 -> 0 | I56: =G56/D56 -> 0 | K56: =TRUNC((J56*F56),2) -> 0 | L56: =J56/D56 -> 0 | M56: =G56+J56 -> 0 | N56: =H56+K56 -> 0 | O56: =I56+L56 -> 0
A57: 4.1.7 | B57: Esgotamento de escavações para rebaixamento do nível dágua nos serviços de bueiros,galerias e outros, com conj. moto bomba | C57: mês | D57: 2 | E57: 7821.79 | F57: 9182.77 | G57: 0 | H57: =G57*F57 -> 0 | I57: =G57/D57 -> 0 | J57: 1 | K57: =TRUNC((J57*F57),2) -> 9182.77 | L57: =J57/D57 -> 0.5 | M57: =G57+J57 -> 1 | N57: =H57+K57 -> 9182.77 | O57: =I57+L57 -> 0.5
A58: 4.2 | B58: TRATAMENTO DA FUNDAÇÃO
A59: 4.2.1 | B59: Preparo da fundação com jateamento de água e ar, inclusive apicoamento e "bate-choco" | C59: M2 | D59: 322.3 | E59: 86.65 | F59: 101.71998 | G59: 49.999911 | H59: =G59*F59 -> 5085.99 | I59: =G59/D59 -> 0.15513469 | J59: 60 | K59: =TRUNC((J59*F59),2) -> 6103.19 | L59: =J59/D59 -> 0.18616196 | M59: =G59+J59 -> 109.99991 | N59: =H59+K59 -> 11189.18 | O59: =I59+L59 -> 0.34129665 | R59: =P59/F59 -> 0
A60: 4.2.2 | B60: Perfuração de rocha para fixação de chumbadores | C60: M | D60: 310 | E60: 28.35 | F60: 30.67 | G60: 60 | H60: =G60*F60 -> 1840.2 | I60: =G60/D60 -> 0.19354839 | J60: 45 | K60: =TRUNC((J60*F60),2) -> 1380.15 | L60: =J60/D60 -> 0.14516129 | M60: =G60+J60 -> 105 | N60: =H60+K60 -> 3220.35 | O60: =I60+L60 -> 0.33870968
A61: 4.2.3 | B61: fornecimento e fixação de grampos diam. 40 mm com resina epoxi (prof. 100 cm em rocha). | C61: und | D61: 310 | E61: 434.9 | F61: 470.56 | G61: 60 | H61: =G61*F61 -> 28233.6 | I61: =G61/D61 -> 0.19354839 | J61: 45 | K61: =TRUNC((J61*F61),2) -> 21175.2 | L61: =J61/D61 -> 0.14516129 | M61: =G61+J61 -> 105 | N61: =H61+K61 -> 49408.8 | O61: =I61+L61 -> 0.33870968
A62: 4.3 | B62: MACIÇO DE CONCRETO
A63: 4.3.1 | B63: Andaime de madeira para altura até 7 m, compreendendo montagem e desmontagem | C63: M3 | D63: 337.49 | E63: 35.64 | F63: 38.56 | G63: 0 | H63: =G63*F63 -> 0 | I63: =G63/D63 -> 0 | J63: 90 | K63: =TRUNC((J63*F63),2) -> 3470.4 | L63: =J63/D63 -> 0.26667457 | M63: =G63+J63 -> 90 | N63: =H63+K63 -> 3470.4 | O63: =I63+L63 -> 0.26667457
A64: 4.3.2 | B64: Formas planas de madeirit meso e superestrutura com 1 reaproveitamento esp. = 17 mm, inclusive fornecimento e transporte das madeiras - Paramento de montante e Jusante | C64: M2 | D64: 471.66 | E64: 107.95 | F64: 116.79 | G64: 0 | H64: =G64*F64 -> 0 | I64: =G64/D64 -> 0 | J64: 125 | K64: =TRUNC((J64*F64),2) -> 14598.75 | L64: =J64/D64 -> 0.26502141 | M64: =G64+J64 -> 125 | N64: =H64+K64 -> 14598.75 | O64: =I64+L64 -> 0.26502141
A65: 4.3.3 | B65: Formas planas de madeirit meso e superestrutura com 1 reaproveitamento esp. = 17 mm, inclusive fornecimento e transporte das madeiras -Contra-Fortes | C65: M2 | D65: 267.32 | E65: 107.95 | F65: 116.79 | G65: 0 | H65: =G65*F65 -> 0 | I65: =G65/D65 -> 0 | J65: 70 | K65: =TRUNC((J65*F65),2) -> 8175.3 | L65: =J65/D65 -> 0.26185845 | M65: =G65+J65 -> 70 | N65: =H65+K65 -> 8175.3 | O65: =I65+L65 -> 0.26185845
A66: 4.3.4 | B66: Formas planas de madeirit meso e superestrutura com 1 reaproveitamento esp. = 17 mm, inclusive fornecimento e transporte das madeiras - Torres | C66: M2 | D66: 256.61 | E66: 107.95 | F66: 116.79 | G66: 0 | H66: =G66*F66 -> 0 | I66: =G66/D66 -> 0 | J66: 65 | K66: =TRUNC((J66*F66),2) -> 7591.35 | L66: =J66/D66 -> 0.25330268 | M66: =G66+J66 -> 65 | N66: =H66+K66 -> 7591.35 | O66: =I66+L66 -> 0.25330268
A67: 4.3.5 | B67: Formas planas de madeirit meso e superestrutura com 1 reaproveitamento esp. = 17 mm, inclusive fornecimento e transporte das madeiras- Tomada d'água | C67: M2 | D67: 46.05 | E67: 107.95 | F67: 116.78979 | G67: 0 | H67: =G67*F67 -> 0 | I67: =G67/D67 -> 0 | K67: =TRUNC((J67*F67),3) -> 0 | L67: =J67/D67 -> 0 | M67: =G67+J67 -> 0 | N67: =H67+K67 -> 0 | O67: =I67+L67 -> 0
A68: 4.3.6 | B68: Aço CA-50, fornecimento, dobragem e colocação nas formas (preço médio das bitolas) | C68: KG | D68: 28534.53 | E68: 20.94 | F68: 21.479998 | G68: 2000 | H68: =G68*F68 -> 42959.997 | I68: =G68/D68 -> 0.070090518 | J68: 4750 | K68: =J68*F68 -> 102029.99 | L68: =J68/D68 -> 0.16646498 | M68: =G68+J68 -> 6750 | N68: =H68+K68 -> 144989.99 | O68: =I68+L68 -> 0.2365555 | R68: =P68/F68 -> 0
A69: 4.3.7 | B69: Fornecimento e aplicação de concreto USINADO Fck=30 MPa - considerando BOMBEAMENTO (5% de perdas já incluído no custo) (6% de taxa p/ concr. bombeavel) | C69: M3 | D69: 459.33 | E69: 622.86 | F69: 673.92998 | G69: 0 | H69: =G69*F69 -> 0 | I69: =G69/D69 -> 0 | J69: 100 | K69: =TRUNC((J69*F69),2) -> 67392.99 | L69: =J69/D69 -> 0.2177084 | M69: =G69+J69 -> 100 | N69: =H69+K69 -> 67392.99 | O69: =I69+L69 -> 0.2177084
A70: 4.4 | B70: MACIÇO DE TERRA - OMBREIRA DIREITA
A71: 3.1.1 | B71: Escavação e carga de material de 1ª categoria com escavadeira - OMBREIRA DIREITA | C71: M3 | D71: 1928.55 | E71: 4.03 | F71: 4.7199969 | G71: 0 | H71: =G71*F71 -> 0 | I71: =G71/D71 -> 0 | K71: =TRUNC((J71*F71),2) -> 0 | L71: =J71/D71 -> 0 | M71: =G71+J71 -> 0 | N71: =H71+K71 -> 0 | O71: =I71+L71 -> 0
A72: 3.2.2 | B72: LOCAL COM DMT ATÉ 3,0 KM (Caminhão basculante) - 1,147XP+1,268XR+2,013 Sendo XP = 0,0 e XR = 0,5 (Área de inundação > Ombreira Direita) - Transporte de argila com peso específico de 1,4 t/m3 | C72: T | D72: 2699.97 | E72: 3.44 | F72: 4.0299966 | G72: 0 | H72: =G72*F72 -> 0 | I72: =G72/D72 -> 0 | K72: =TRUNC((J72*F72),2) -> 0 | L72: =J72/D72 -> 0 | M72: =G72+J72 -> 0 | N72: =H72+K72 -> 0 | O72: =I72+L72 -> 0
A73: 3.2.4 | B73: Compactação de aterros 100% PN - CANAL DE DESVIO + ENSECADEIRA | C73: M3 | D73: 1928.55 | E73: 7.69 | F73: 9.0299966 | G73: 0 | H73: =G73*F73 -> 0 | I73: =G73/D73 -> 0 | K73: =TRUNC((J73*F73),2) -> 0 | L73: =J73/D73 -> 0 | M73: =G73+J73 -> 0 | N73: =H73+K73 -> 0 | O73: =I73+L73 -> 0
A74: 4.4.4 | B74: Enrocamento de pedra de mão arrumada exclusive transporte - RIPRAP | C74: M3 | D74: 155.2 | E74: 204.12 | F74: 239.62996 | G74: 0 | H74: =G74*F74 -> 0 | I74: =G74/D74 -> 0 | K74: =TRUNC((J74*F74),3) -> 0 | L74: =J74/D74 -> 0 | M74: =G74+J74 -> 0 | N74: =H74+K74 -> 0 | O74: =I74+L74 -> 0
A75: 4.4.5 | B75: Dreno profundo com enchimento de areia, escavação em material 1ª categoria, inclusive transporte | C75: M3 | D75: 73.2 | E75: 115.9 | F75: 136.06 | G75: 0 | H75: =G75*F75 -> 0 | I75: =G75/D75 -> 0 | K75: =TRUNC((J75*F75),2) -> 0 | L75: =J75/D75 -> 0 | M75: =G75+J75 -> 0 | N75: =H75+K75 -> 0 | O75: =I75+L75 -> 0
A76: 4.4.6 | B76: Grama em placas em taludes com estacas de madeira, fornecimento e plantio | C76: M2 | D76: 0 | E76: 27.38 | F76: 30.46 | H76: =G76*F76 -> 0 | K76: =J76*F76 -> 0
A77: 4.4.7 | B77: Grama em placas, fornecimento e plantio (sem fixação com estacas) - CRISTA | C77: M2 | D77: 280.8 | E77: 20.05 | F77: 22.309972 | G77: 0 | H77: =G77*F77 -> 0 | I77: =G77/D77 -> 0 | K77: =TRUNC((J77*F77),2) -> 0 | L77: =J77/D77 -> 0 | M77: =G77+J77 -> 0 | N77: =H77+K77 -> 0 | O77: =I77+L77 -> 0
A78: 5 | B78: TOMADA D'ÁGUA
A79: 5.1 | B79: TUBOS, CONEXÕES E PEÇAS ESPECIAIS FABRICADOS EM AÇO CARBONO ESTRUTURAL, COM PREPARO DE SUPERFÍCIE POR JATEAMENTO ABRASIVO, PINTURA EM BASE EPOXÍDICA / ALQUÍDICA
A80: 5.1.1 | B80: Fornecimento de Equipamentos Hidromecânicos para Tomada D'água: Tubos RG, VB, Junta Dresser e Grade para Travamento | C80: Und | D80: 1 | E80: 587163 | F80: 587163 | G80: 0 | H80: =G80*F80 -> 0 | I80: =G80/D80 -> 0 | K80: =TRUNC((J80*F80),2) -> 0 | L80: =J80/D80 -> 0 | M80: =G80+J80 -> 0 | N80: =H80+K80 -> 0 | O80: =I80+L80 -> 0
A81: 5.2 | B81: MONTAGEM DE EQUIPAMENTOS HIDROMECÂNICOS
A82: 5.2.1 | B82: Montagem dos itens 5.1, 5.2 e 5.3 | C82: vb | D82: 1 | E82: 108625 | F82: 108625 | G82: 0 | H82: =G82*F82 -> 0 | I82: =G82/D82 -> 0 | K82: =TRUNC((J82*F82),2) -> 0 | L82: =J82/D82 -> 0 | M82: =G82+J82 -> 0 | N82: =H82+K82 -> 0 | O82: =I82+L82 -> 0
A83: 6 | B83: SINALIZAÇÃO
A84: 6.1 | B84: Cones para sinalização, fornecimento e colocação | C84: ud | D84: 20 | E84: 158.85 | F84: 179.97 | G84: 10 | H84: =G84*F84 -> 1799.7 | I84: =G84/D84 -> 0.5 | K84: =TRUNC((J84*F84),2) -> 0 | L84: =J84/D84 -> 0 | M84: =G84+J84 -> 10 | N84: =H84+K84 -> 1799.7 | O84: =I84+L84 -> 0.5
A85: 6.2 | B85: Elementos de madeira para sinalização - cavaletes | C85: ud | D85: 20 | E85: 49.18 | F85: 55.71 | G85: 10 | H85: =G85*F85 -> 557.1 | I85: =G85/D85 -> 0.5 | K85: =TRUNC((J85*F85),2) -> 0 | L85: =J85/D85 -> 0 | M85: =G85+J85 -> 10 | N85: =H85+K85 -> 557.1 | O85: =I85+L85 -> 0.5
A86: 6.3 | B86: Tela de proteção de segurança de PVC cor laranja com suporte para sinalização de obras | C86: m | D86: 600 | E86: 26.09 | F86: 29.55 | G86: 300 | H86: =G86*F86 -> 8865 | I86: =G86/D86 -> 0.5 | K86: =TRUNC((J86*F86),2) -> 0 | L86: =J86/D86 -> 0 | M86: =G86+J86 -> 300 | N86: =H86+K86 -> 8865 | O86: =I86+L86 -> 0.5
A87: 7 | B87: SERVIÇOS AMBIENTAIS
A88: 7.1 | B88: REFLORESTAMENTO
A89: 7.2.1 | B89: Cerca de arame liso 4 fios com mourões cada 2,0 m, esticadores de madeira, a cada 20,0 m, inclusive transporte de mourão e arame liso | C89: M | D89: 2147 | E89: 25.9 | F89: 28.82 | G89: 0 | H89: =G89*F89 -> 0 | I89: =G89/D89 -> 0 | K89: =TRUNC((J89*F89),2) -> 0 | L89: =J89/D89 -> 0 | M89: =G89+J89 -> 0 | N89: =H89+K89 -> 0 | O89: =I89+L89 -> 0
A90: 7.2.2 | B90: Reflorestamento com espécies nativas da mata atlântica, mudas em sacolas ou tubetes | C90: und | D90: 1238.74 | E90: 45.44 | F90: 50.57 | G90: 0 | H90: =G90*F90 -> 0 | I90: =G90/D90 -> 0 | K90: =TRUNC((J90*F90),2) -> 0 | L90: =J90/D90 -> 0 | M90: =G90+J90 -> 0 | N90: =H90+K90 -> 0 | O90: =I90+L90 -> 0
A91: 7.2.3 | B91: Especialista em meio ambiente, inclusive BDI | C91: mês | D91: 2 | E91: 30439.44 | F91: 31535.26 | G91: 0 | H91: =G91*F91 -> 0 | I91: =G91/D91 -> 0 | K91: =TRUNC((J91*F91),2) -> 0 | L91: =J91/D91 -> 0 | M91: =G91+J91 -> 0 | N91: =H91+K91 -> 0 | O91: =I91+L91 -> 0
A92: 7.2 | B92: RECUPERAÇÃO DE BOTA-FORA
A93: 7.2.1 | B93: Gramíneas em sementes, fornecimento e plantio a lanço | C93: M2 | D93: 47901 | E93: 4.04 | F93: 4.49 | G93: 0 | H93: =G93*F93 -> 0 | I93: =G93/D93 -> 0 | K93: =TRUNC((J93*F93),2) -> 0 | L93: =J93/D93 -> 0 | M93: =G93+J93 -> 0 | N93: =H93+K93 -> 0 | O93: =I93+L93 -> 0
A94: 8 | B94: ACOMPANHAMENTO TÉCNICO
A95: 8.1 | B95: Topografia (levantamentos, equipamentos, deslocamentos e mão de obra - equipe de topografia) | C95: mês | D95: 3 | E95: 29803.45 | F95: 30876.37 | G95: 1.4999998 | H95: =G95*F95 -> 46314.55 | I95: =G95/D95 -> 0.49999995 | J95: 0.5 | K95: =TRUNC((J95*F95),2) -> 15438.18 | L95: =J95/D95 -> 0.16666667 | M95: =G95+J95 -> 1.9999998 | N95: =H95+K95 -> 61752.73 | O95: =I95+L95 -> 0.66666661
A96: 8.2 | B96: Controle tecnológico de concreto e Solos (Ensaios, equipamentos e mão de obra - Equipe de Laboratório) | C96: mês | D96: 3 | E96: 17859.59 | F96: 18502.53 | G96: 1 | H96: =G96*F96 -> 18502.53 | I96: =G96/D96 -> 0.33333333 | J96: 0.5 | K96: =TRUNC((J96*F96),2) -> 9251.26 | L96: =J96/D96 -> 0.16666667 | M96: =G96+J96 -> 1.5 | N96: =H96+K96 -> 27753.79 | O96: =I96+L96 -> 0.5
A97: 8.3 | B97: Engenheiro sênior - Consultoria em Concreto | C97: mês | D97: 2 | E97: 32898.61 | F97: 34082.96 | G97: 0 | H97: =G97*F97 -> 0 | I97: =G97/D97 -> 0 | J97: 0.5 | K97: =TRUNC((J97*F97),2) -> 17041.48 | L97: =J97/D97 -> 0.25 | M97: =G97+J97 -> 0.5 | N97: =H97+K97 -> 17041.48 | O97: =I97+L97 -> 0.25
A98: 8.4 | B98: Engenheiro sênior - Consultoria geológica e geotécnica | C98: mês | D98: 1 | E98: 32898.61 | F98: 34082.96 | G98: 0.5 | H98: =G98*F98 -> 17041.48 | I98: =G98/D98 -> 0.5 | K98: =TRUNC((J98*F98),2) -> 0 | L98: =J98/D98 -> 0 | M98: =G98+J98 -> 0.5 | N98: =H98+K98 -> 17041.48 | O98: =I98+L98 -> 0.5
A99: 8.5 | B99: CAMPANHA DE VERIFICAÇÃO DAS SONDAGENS
A100: 8.5.1 | B100: Perfuração rotativa inclinada, em rocha sã, com coroa de diamante, diâmetro N (75mm), inclusive deslocamento e posicionamento em cada furo. | C100: M | D100: 30 | E100: 920.58 | F100: 1033.81 | G100: 0 | H100: =G100*F100 -> 0 | I100: =G100/D100 -> 0 | K100: =TRUNC((J100*F100),2) -> 0 | L100: =J100/D100 -> 0 | M100: =G100+J100 -> 0 | N100: =H100+K100 -> 0 | O100: =I100+L100 -> 0
A101: 9 | B101: DETALHAMENTO DE PROJETO EXECUTIVO
...

Sheet MEMÓRIA DE CALCULO 9
B2: PREFEITURA MUNICIPAL DE SÃO ROQUE DO CANAÃ
B8: Memória de cálculo 9ª Medição
B9: OBRA: Construção de uma barragem de concreto com contrafortes e a limpeza e escavação de seu reservatório, na localidade de São Dalmácio, Município de São Roque do Canaã | D9: Data: 04/09/2024
B10: LOCAL: Comunidade de São Dalmácio
B11: Item | C11: Descrição | D11: Und | E11: Quant.
B12: 1 | C12: =VLOOKUP(B12,'MEDIÇÃO 9'!$A$10:$O$107,2,0) -> SERVIÇOS PRELIMINARES
B13: 1.3 | C13: =VLOOKUP(B13,'MEDIÇÃO 9'!$A$10:$O$107,2,0) -> DEMOLIZAÇÃO DO CANTEIRO DE OBRAS
B14: 1.3.1 | C14: =VLOOKUP(B14,'MEDIÇÃO 9'!$A$10:$O$107,2,0) -> Demolição de edificações | D14: =VLOOKUP(B14,'MEDIÇÃO 9'!$A$10:$O$107,3,0) -> M2 | E14: =VLOOKUP($B14,'MEDIÇÃO 9'!$A$10:$O$106,10,0) -> 78.65
B15: 78,65 m²
B17: 2 | C17: =VLOOKUP(B17,'MEDIÇÃO 9'!$A$10:$O$107,2,0) -> SUPRESSÃO VEGETAL
B18: 2.2 | C18: =VLOOKUP(B18,'MEDIÇÃO 9'!$A$10:$O$107,2,0) -> ESCAVAÇÃO DA ÁREA INUNDAÇÃO
B19: 2.2.1 | C19: =VLOOKUP(B19,'MEDIÇÃO 9'!$A$10:$O$107,2,0) -> Limpeza, desmatamento e destocamento de árvores com diâmetro até 15 cm, com trator de esteira | D19: =VLOOKUP(B19,'MEDIÇÃO 9'!$A$10:$O$107,3,0) -> M2 | E19: =VLOOKUP($B19,'MEDIÇÃO 9'!$A$10:$O$106,10,0) -> 4769.67
B20: 4.769,67 m²
B21: 2.2.2 | C21: =VLOOKUP(B21,'MEDIÇÃO 9'!$A$10:$O$107,2,0) -> Escavação e carga de material de 1ª categoria com escavadeira | D21: =VLOOKUP(B21,'MEDIÇÃO 9'!$A$10:$O$107,3,0) -> M3 | E21: =VLOOKUP($B21,'MEDIÇÃO 9'!$A$10:$O$106,10,0) -> 40489.92
B22: 40.489,92 m³
B23: 2.2.3 | C23: =VLOOKUP(B23,'MEDIÇÃO 9'!$A$10:$O$107,2,0) -> LOCAL COM DMT ATÉ 3,0 KM (Caminhão basculante) - 1,147XP+1,268XR+2,013 Sendo XP = 0,0 e XR = 2 (Centro bacia inundação > Bota-Fora) - Transporte de argila com peso específico de 1,4 t/m3 | D23: =VLOOKUP(B23,'MEDIÇÃO 9'!$A$10:$O$107,3,0) -> T | E23: =VLOOKUP($B23,'MEDIÇÃO 9'!$A$10:$O$106,10,0) -> 56685.88
B24: 56.685,88 Toneladas
B26: 3 | C26: =VLOOKUP(B26,'MEDIÇÃO 9'!$A$10:$O$107,2,0) -> ENSECADEIRA
B27: 3.1 | C27: =VLOOKUP(B27,'MEDIÇÃO 9'!$A$10:$O$107,2,0) -> ENSECADEIRA 1ª ETAPA
B28: 3.1.4 | C28: =VLOOKUP(B28,'MEDIÇÃO 9'!$A$10:$O$107,2,0) -> Demolição mecânica de concreto - Barragem existente | D28: =VLOOKUP(B28,'MEDIÇÃO 9'!$A$10:$O$107,3,0) -> M3 | E28: =VLOOKUP($B28,'MEDIÇÃO 9'!$A$10:$O$106,10,0) -> 30
B29: 30,00 m³
B30: 3.1.5 | C30: =VLOOKUP(B30,'MEDIÇÃO 9'!$A$10:$O$107,2,0) -> Carga de material de 3ª categoria | D30: =VLOOKUP(B30,'MEDIÇÃO 9'!$A$10:$O$107,3,0) -> M3 | E30: =VLOOKUP($B30,'MEDIÇÃO 9'!$A$10:$O$106,10,0) -> 45
B31: 45,00 m³
B32: 3.1.6 | C32: =VLOOKUP(B32,'MEDIÇÃO 9'!$A$10:$O$107,2,0) -> LOCAL COM DMT ATÉ 3,0 KM (Caminhão basculante) - 1,147XP+1,268XR+2,013 Sendo XP = 0,0 e XR = 1 (Barragem existente > Bota-Fora) - Transporte de concreto com peso específico de 1,6 t/m3 | D32: =VLOOKUP(B32,'MEDIÇÃO 9'!$A$10:$O$107,3,0) -> T | E32: =VLOOKUP($B32,'MEDIÇÃO 9'!$A$10:$O$106,10,0) -> 48
B33: 48,00 toneladas
B34: 3.1.7 | C34: =VLOOKUP(B34,'MEDIÇÃO 9'!$A$10:$O$107,2,0) -> Espalhamento / regularização / compactação de material em bota-fora (Empolamento do material [item 3.1.4] = 50%) | D34: =VLOOKUP(B34,'MEDIÇÃO 9'!$A$10:$O$107,3,0) -> M3 | E34: =VLOOKUP($B34,'MEDIÇÃO 9'!$A$10:$O$106,10,0) -> 45
B35: 45,00 m³
B37: 4 | C37: =VLOOKUP(B37,'MEDIÇÃO 9'!$A$10:$O$107,2,0) -> MACIÇO DE CONCRETO
B38: 4.1 | C38: =VLOOKUP(B38,'MEDIÇÃO 9'!$A$10:$O$107,2,0) -> FUNDAÇÃO DA BARRAGEM
B39: 4.1.1 | C39: =VLOOKUP(B39,'MEDIÇÃO 9'!$A$10:$O$107,2,0) -> Escavação e carga de material de 1ª categoria com escavadeira - Fundação da barragem | D39: =VLOOKUP(B39,'MEDIÇÃO 9'!$A$10:$O$107,3,0) -> M3 | E39: =VLOOKUP($B39,'MEDIÇÃO 9'!$A$10:$O$106,10,0) -> 120
B40: 120,00 m²
B41: 4.1.2 | C41: =VLOOKUP(B41,'MEDIÇÃO 9'!$A$10:$O$107,2,0) -> LOCAL COM DMT ATÉ 3,0 KM (Caminhão basculante) - 1,147XP+1,268XR+2,013 Sendo XP = 0,0 e XR = 2 (Fundação da Barragem > Bota-Fora) - Transporte de argila com peso específico de 1,4 t/m3 | D41: =VLOOKUP(B41,'MEDIÇÃO 9'!$A$10:$O$107,3,0) -> T | E41: =VLOOKUP($B41,'MEDIÇÃO 9'!$A$10:$O$106,10,0) -> 168
B42: 168,00 toneladas
B43: 4.1.3 | C43: =VLOOKUP(B43,'MEDIÇÃO 9'!$A$10:$O$107,2,0) -> Espalhamento / regularização / compactação de material em bota-fora (Empolamento do material [item 4.1.1] = 40%) | D43: =VLOOKUP(B43,'MEDIÇÃO 9'!$A$10:$O$107,3,0) -> M3 | E43: =VLOOKUP($B43,'MEDIÇÃO 9'!$A$10:$O$106,10,0) -> 168
B44: 168,00 m³
B45: 4.1.7 | C45: =VLOOKUP(B45,'MEDIÇÃO 9'!$A$10:$O$107,2,0) -> Esgotamento de escavações para rebaixamento do nível dágua nos serviços de bueiros,galerias e outros, com conj. moto bomba | D45: =VLOOKUP(B45,'MEDIÇÃO 9'!$A$10:$O$107,3,0) -> mês | E45: =VLOOKUP($B45,'MEDIÇÃO 9'!$A$10:$O$106,10,0) -> 1
B46: 1,00 mês
B47: 4.2 | C47: =VLOOKUP(B47,'MEDIÇÃO 9'!$A$10:$O$107,2,0) -> TRATAMENTO DA FUNDAÇÃO
B48: 4.2.1 | C48: =VLOOKUP(B48,'MEDIÇÃO 9'!$A$10:$O$107,2,0) -> Preparo da fundação com jateamento de água e ar, inclusive apicoamento e "bate-choco" | D48: =VLOOKUP(B48,'MEDIÇÃO 9'!$A$10:$O$107,3,0) -> M2 | E48: =VLOOKUP($B48,'MEDIÇÃO 9'!$A$10:$O$106,10,0) -> 60
B49: 60,00 m²
B50: 4.2.2 | C50: =VLOOKUP(B50,'MEDIÇÃO 9'!$A$10:$O$107,2,0) -> Perfuração de rocha para fixação de chumbadores | D50: =VLOOKUP(B50,'MEDIÇÃO 9'!$A$10:$O$107,3,0) -> M | E50: =VLOOKUP($B50,'MEDIÇÃO 9'!$A$10:$O$106,10,0) -> 45
B51: 45,00 metros
B52: 4.2.3 | C52: =VLOOKUP(B52,'MEDIÇÃO 9'!$A$10:$O$107,2,0) -> fornecimento e fixação de grampos diam. 40 mm com resina epoxi (prof. 100 cm em rocha). | D52: =VLOOKUP(B52,'MEDIÇÃO 9'!$A$10:$O$107,3,0) -> und | E52: =VLOOKUP($B52,'MEDIÇÃO 9'!$A$10:$O$106,10,0) -> 45
B53: 45,00 unidades
B54: 4.3 | C54: =VLOOKUP(B54,'MEDIÇÃO 9'!$A$10:$O$107,2,0) -> MACIÇO DE CONCRETO
B55: 4.3.1 | C55: =VLOOKUP(B55,'MEDIÇÃO 9'!$A$10:$O$107,2,0) -> Andaime de madeira para altura até 7 m, compreendendo montagem e desmontagem | D55: =VLOOKUP(B55,'MEDIÇÃO 9'!$A$10:$O$107,3,0) -> M3 | E55: =VLOOKUP($B55,'MEDIÇÃO 9'!$A$10:$O$106,10,0) -> 90
B56: 90,00 m³
B57: 4.3.2 | C57: =VLOOKUP(B57,'MEDIÇÃO 9'!$A$10:$O$107,2,0) -> Formas planas de madeirit meso e superestrutura com 1 reaproveitamento esp. = 17 mm, inclusive fornecimento e transporte das madeiras - Paramento de montante e Jusante | D57: =VLOOKUP(B57,'MEDIÇÃO 9'!$A$10:$O$107,3,0) -> M2 | E57: =VLOOKUP($B57,'MEDIÇÃO 9'!$A$10:$O$106,10,0) -> 125
B58: 125,00 m²
B59: 4.3.3 | C59: =VLOOKUP(B59,'MEDIÇÃO 9'!$A$10:$O$107,2,0) -> Formas planas de madeirit meso e superestrutura com 1 reaproveitamento esp. = 17 mm, inclusive fornecimento e transporte das madeiras -Contra-Fortes | D59: =VLOOKUP(B59,'MEDIÇÃO 9'!$A$10:$O$107,3,0) -> M2 | E59: =VLOOKUP($B59,'MEDIÇÃO 9'!$A$10:$O$106,10,0) -> 70
B60: 70,00 m²
B61: 4.3.4 | C61: =VLOOKUP(B61,'MEDIÇÃO 9'!$A$10:$O$107,2,0) -> Formas planas de madeirit meso e superestrutura com 1 reaproveitamento esp. = 17 mm, inclusive fornecimento e transporte das madeiras - Torres | D61: =VLOOKUP(B61,'MEDIÇÃO 9'!$A$10:$O$107,3,0) -> M2 | E61: =VLOOKUP($B61,'MEDIÇÃO 9'!$A$10:$O$106,10,0) -> 65
B62: 65,00 m²
B63: 4.3.6 | C63: =VLOOKUP(B63,'MEDIÇÃO 9'!$A$10:$O$107,2,0) -> Aço CA-50, fornecimento, dobragem e colocação nas formas (preço médio das bitolas) | D63: =VLOOKUP(B63,'MEDIÇÃO 9'!$A$10:$O$107,3,0) -> KG | E63: =VLOOKUP($B63,'MEDIÇÃO 9'!$A$10:$O$106,10,0) -> 4750
B64: 4.750,00 quilos
B65: 4.3.7 | C65: =VLOOKUP(B65,'MEDIÇÃO 9'!$A$10:$O$107,2,0) -> Fornecimento e aplicação de concreto USINADO Fck=30 MPa - considerando BOMBEAMENTO (5% de perdas já incluído no custo) (6% de taxa p/ concr. bombeavel) | D65: =VLOOKUP(B65,'MEDIÇÃO 9'!$A$10:$O$107,3,0) -> M3 | E65: =VLOOKUP($B65,'MEDIÇÃO 9'!$A$10:$O$106,10,0) -> 100
B66: 100,00 m³
B68: 8 | C68: =VLOOKUP(B68,'MEDIÇÃO 9'!$A$10:$O$107,2,0) -> ACOMPANHAMENTO TÉCNICO
B69: 8.1 | C69: =VLOOKUP(B69,'MEDIÇÃO 9'!$A$10:$O$107,2,0) -> Topografia (levantamentos, equipamentos, deslocamentos e mão de obra - equipe de topografia) | D69: =VLOOKUP(B69,'MEDIÇÃO 9'!$A$10:$O$107,3,0) -> mês | E69: =VLOOKUP($B69,'MEDIÇÃO 9'!$A$10:$O$106,10,0) -> 0.5
B70: 0,50 mês
B71: 8.2 | C71: =VLOOKUP(B71,'MEDIÇÃO 9'!$A$10:$O$107,2,0) -> Controle tecnológico de concreto e Solos (Ensaios, equipamentos e mão de obra - Equipe de Laboratório) | D71: =VLOOKUP(B71,'MEDIÇÃO 9'!$A$10:$O$107,3,0) -> mês | E71: =VLOOKUP($B71,'MEDIÇÃO 9'!$A$10:$O$106,10,0) -> 0.5
B72: 0,50 mês
B73: 8.3 | C73: =VLOOKUP(B73,'MEDIÇÃO 9'!$A$10:$O$107,2,0) -> Engenheiro sênior - Consultoria em Concreto | D73: =VLOOKUP(B73,'MEDIÇÃO 9'!$A$10:$O$107,3,0) -> mês | E73: =VLOOKUP($B73,'MEDIÇÃO 9'!$A$10:$O$106,10,0) -> 0.5
B74: 0,50 mês
B79: _________________________________________________________
B80: PEDRO JAYME LANI JUNIOR
B81: Fiscal da Obra
B82: Assessor de Assuntos de Gestão
B83: ENGENHEIRO CIVIL CREA ES 20109/D
